AoeStats
← zbtl458613

Fortress

508949205Analyzed
4v4 RM · 8d ago on Sep 24, 2026· 51m 51s· 8 players
Game mode
Random Map
Map size
Huge
Population
200
Speed
Normal
Resources
Standard
Victory
Conquest
Starting age
Dark Age
Ending age
Imperial Age
RankedLock teamsTeams togetherTeam positionsShared explorationLock speedFull tech treeHidden civsTurbo modeCheats
Victory
Defeat
🇹🇷 Varangians · Türkiye
1548
+13
🇹🇷 Celts · Türkiye
1434
+17
🇹🇷 Saxons · Türkiye
1419
+18
🇹🇷 Cumans · Türkiye
1294
+23
🇮🇳 Danes · India
1497
-19
🇨🇳 Poles · China
1459
-18
🇨🇳 Saracens · China
1448
-17
🇧🇷 Bohemians · Brazil
1440
-17
Alarmaaa5374
7:26 Feudal Age
11:47 Castle Age
10:04 Double-Bit Axe
12:44 Bow Saw
18:14 Loom
24:15 Horse Collar
28:56 Fletching
30:44 Bodkin Arrow
34:35 Heavy Plow
38:51 Imperial Age
36:39 Gold Mining
37:30 Wheelbarrow
37:51 Scale Mail Armor
37:47 Pikeman
38:39 Forging
39:31 Ballistics
39:13 Town Watch
40:43 Chemistry
39:44 Heavy Scorpion
40:20 Stone Mining
41:05 Gold Shaft Mining
41:22 Conscription
41:25 Furor Celtica
41:44 Chain Mail Armor
42:06 Iron Casting
42:38 Siege Engineers
42:01 Halberdier
43:22 Hand Cart
43:08 Town Patrol
44:33 Plate Mail Armor
45:04 Blast Furnace
44:17 Capped Ram
51:32 Siege Ram
koteshii
7:49 Feudal Age
11:31 Castle Age
9:31 Horse Collar
9:39 Double-Bit Axe
12:38 Bow Saw
13:17 Wheelbarrow
17:41 Gold Mining
18:18 Loom
19:46 Hand Cart
21:04 Loom
24:31 Imperial Age
22:29 Stone Mining
24:02 Scale Barding Armor
24:07 Forging
24:09 Bloodlines
24:02 Husbandry
25:14 Chain Barding Armor
25:06 Elite Jarl
27:31 Plate Barding Armor
29:40 Iron Casting
32:35 Blast Furnace
31:45 Devotion
35:19 Chemistry
34:59 Coinage
35:35 Fletching
38:03 Banking
46:52 Conscription
Wicked Lui
4:23 Loom
6:48 Feudal Age
7:28 Double-Bit Axe
8:41 Wheelbarrow
11:20 Horse Collar
12:23 Wheelbarrow
15:24 Bloodlines
17:32 Castle Age
16:17 Bloodlines
16:38 Scale Barding Armor
18:19 Forging
18:55 Bow Saw
21:04 Chain Barding Armor
27:35 Imperial Age
26:52 Hand Cart
27:37 Iron Casting
27:43 Cavalier
29:03 Plate Barding Armor
30:40 Gold Mining
30:17 Paladin
32:13 Blast Furnace
38:52 Gold Shaft Mining
37:57 Capped Ram
BarBaroS
6:19 Feudal Age
11:17 Castle Age
9:35 Double-Bit Axe
10:55 Horse Collar
13:16 Wheelbarrow
19:23 Hand Cart
19:19 Bow Saw
19:31 Loom
20:07 Scale Mail Armor
20:17 Forging
21:19 Heavy Plow
25:03 Imperial Age
22:37 Scale Mail Armor
22:48 Forging
23:01 Squires
22:47 Gambesons
23:39 Stone Mining
23:40 Gold Mining
24:27 Chain Mail Armor
24:47 Iron Casting
25:11 Arson
27:00 Chemistry
28:11 Plate Mail Armor
28:18 Iron Casting
29:13 Two-Man Saw
28:43 Conscription
28:16 Elite Varangian Guard
29:12 Shield Wall
30:54 Elite Hearth Troop
32:10 Pikeman
33:54 Gold Shaft Mining
33:35 Halberdier
35:42 Fletching
36:16 Ballistics
37:08 Bodkin Arrow
40:04 Bracer
freedom is not free
5:45 Feudal Age
6:26 Double-Bit Axe
6:24 Horse Collar
13:41 Castle Age
15:00 Bow Saw
14:53 Heavy Plow
15:35 Wheelbarrow
18:59 Hand Cart
19:33 Loom
21:52 Gold Mining
22:33 Stone Mining
26:13 Imperial Age
23:33 Town Watch
24:49 Szlachta Privileges
25:04 Fortified Wall
25:14 Bloodlines
25:05 Husbandry
25:43 Scale Barding Armor
25:49 Forging
26:22 Stone Shaft Mining
27:10 Chain Barding Armor
26:33 Cavalier
27:37 Conscription
28:15 Crop Rotation
29:07 Iron Casting
29:54 Coinage
32:09 Treadmill Crane
32:39 Masonry
32:11 Light Cavalry
34:02 Banking
33:33 Caravan
33:08 Winged Hussar
34:13 Lechitic Legacy
34:33 Murder Holes
35:12 Squires
41:24 Ballistics
42:04 Chemistry
41:43 Hoardings
42:11 Blast Furnace
41:02 Fletching
41:12 Padded Archer Armor
43:01 Elite Obuch
43:13 Sappers
43:42 Bodkin Arrow
43:48 Scale Mail Armor
45:01 Bracer
47:29 Chain Mail Armor
vidsag
6:44 Feudal Age
10:46 Castle Age
9:31 Double-Bit Axe
9:29 Horse Collar
13:07 Bow Saw
14:50 Loom
17:29 Wheelbarrow
19:20 Hand Cart
19:32 Town Watch
21:21 Scale Mail Armor
21:22 Gold Mining
21:45 Heavy Plow
21:39 Stone Mining
26:17 Imperial Age
25:06 Squires
25:23 Chain Mail Armor
24:31 Hamask
25:23 Arson
25:24 Gambesons
26:33 Forging
27:22 Conscription
26:30 Elite Varangian Guard
28:09 Plate Mail Armor
29:21 Pikeman
30:14 Halberdier
31:52 Iron Casting
34:22 Blast Furnace
zbtl458613
5:11 Loom
8:21 Feudal Age
9:22 Double-Bit Axe
11:55 Castle Age
10:03 Horse Collar
11:24 Forging
11:19 Scale Barding Armor
11:25 Scale Barding Armor
20:23 Iron Casting
20:08 Chain Barding Armor
20:17 Chain Barding Armor
26:20 Bow Saw
37:44 Imperial Age
36:17 Wheelbarrow
35:40 Gold Mining
35:48 Stone Mining
36:23 Heavy Plow
38:10 Hand Cart
37:42 Town Watch
38:36 Gold Shaft Mining
38:01 Elite Mameluke
39:01 Conscription
38:58 Bimaristan
40:12 Two-Man Saw
41:34 Chemistry
41:43 Blast Furnace
41:18 Plate Barding Armor
42:30 Onager
45:16 Bloodlines
45:06 Husbandry
44:27 Light Cavalry
44:45 Siege Onager
GuguBot
8:28 Feudal Age
12:13 Castle Age
10:08 Double-Bit Axe
10:03 Horse Collar
12:12 Loom
21:57 Imperial Age
20:57 Chemistry
20:31 Fletching
21:21 Bodkin Arrow
21:48 Pikeman
23:22 Scale Mail Armor
24:10 Squires
24:22 Forging
24:18 Elite Skirmisher
28:14 Padded Archer Armor
29:20 Ballistics
29:36 Conscription
31:34 Leather Archer Armor
32:46 Bracer
36:36 Bow Saw
Connection lost

Rejoining the realm…

Still unreachable

The connection could not be restored.

Session expired

The server has moved on; the page needs a fresh start.